 Dungeon Crawl Stone Soup version 0.15.0-27-gbdb0435 (console) character file.

137 gw the Twirler (level 5, -11/45 HPs)
             Began as a Minotaur Gladiator on Sept 11, 2014.
             Was an Initiate of the Shining One.
             Shot with an arrow by a centaur (12 damage)
             ... on Level 3 of the Dungeon.
             The game lasted 00:01:29 (2033 turns).

gw the Twirler (Minotaur Gladiator)                 Turns: 2033, Time: 00:01:29

HP -11/45        AC  5     Str 19      XL: 5   Next:  0%
MP   2/2         EV 10     Int  5      God: the Shining One [......]
Gold 0           SH  0     Dex 12      Spells:  0 memorised,  4 levels left

rFire  . . .     SeeInvis .     a - +0 quarterstaff
rCold  . . .     Clarity  .     l - +0 ring mail
rNeg   . . .     rCorr    .     (no shield)
rPois  .         rRot     .     c - +0 hat
rElec  .         Spirit   .     (no cloak)
SustAb .         Warding  .     (no gloves)
rMut   .         Stasis   .     (no boots)
Gourm  .                        (no amulet)
MR     .....                    (no ring)
                                (no ring)

@: lethally poisoned, not resistant to hostile enchantments, very unstealthy
A: retaliatory headbutt, horns 2
a: Renounce Religion


You were on level 3 of the Dungeon.
You worshipped the Shining One.
The Shining One was noncommittal.
You were not hungry.

You visited 1 branch of the dungeon, and saw 3 of its levels.

Inventory:

Hand weapons
 a - a +0 quarterstaff (weapon)
Missiles
 d - 3 throwing nets
 m - 60 stones
 r - 5 tomahawks (quivered)
Armour
 c - a +0 hat (worn)
 l - a +0 ring mail (worn)
Magical devices
 i - a wand of digging (8)
Comestibles
 f - 3 bread rations
 g - a royal jelly
Scrolls
 e - a scroll of identify
Potions
 b - a potion of curing


   Skills:
 + Level 3.2 Fighting
 * Level 5.1 Staves
 + Level 2.5 Throwing
 + Level 2.5 Armour
 - Level 3.2 Dodging
 + Level 1.2 Invocations


You had 4 spell levels left.
You didn't know any spells.

Dungeon Overview and Level Annotations

Branches:
Dungeon (3/15)

Altars:
Ashenzari
Fedhas
Zin
The Shining One


Innate Abilities, Weirdness & Mutations

You reflexively headbutt those who attack you in melee.
You have a pair of horns on your head.


Message History

You closely miss the adder. Your headbutt misses the adder.
The adder is almost dead.
You feel sick. The adder barely misses you. You furiously retaliate!
You headbutt the adder!
You kill the adder!
You have reached level 5!
The centaur hits the bush but does no damage.
ATTACK MOVE TO (0,-1)
The centaur wields an uncursed glowing shortbow.
The centaur shoots an arrow.
The arrow hits you. The gnoll hits you. The gnoll hits you with a whip.
Found a blossoming altar of Fedhas.
Things that are here:
an arrow; a whip ATTACK MOVE TO (-1,-1)
You barely miss the gnoll. You headbutt the gnoll.
The gnoll is moderately wounded.
The centaur shoots an arrow.
The arrow hits you. The gnoll hits you.
The centaur shoots an arrow.
The arrow hits you!
You die... ### #... +...
PP #.#.
P. #.#.PP_PP #.#.PPPcP # #.#ggPPPP.#

#.##H...).#
##.#####.##.####.#
#........(.......#
.##..####.###.######
.....# #.# #.#
#$....##.###.#
#.7.7.......#
#~7~~.#.#####
#.~~~~#.#


You could see a centaur and 2 gnolls.

Table legend:
 A = Turns spent in this place as a percentage of turns spent in the entire game.
 B = Non-inter-level travel turns spent in this place as a percentage of non-inter-level travel turns spent in the entire game.
 C = Inter-level travel turns spent in this place as a percentage of turns spent in this place.
 D = Turns resting spent in this place as a percentage of non-inter-level travel turns spent in this place.
 E = Turns spent auto-exploring this place as a percentage of non-inter-level travel turns spent in this place.
 F = Non-inter-level travel turns spent in this place divided by the number of levels of this place that you've seen.
                   A       B       C       D       E      F
               +-------+-------+-------+-------+-------+----------------------
         Total | 100.0 | 100.0 |   1.2 |   3.2 |  10.9 | 271.0
       Dungeon | 100.0 | 100.0 |   1.2 |   3.2 |  10.9 | 271.0
               +-------+-------+-------+-------+-------+----------------------

Table legend:
 A = Kills in this place as a percentage of kills in entire the game.
 B = Kills by you in this place as a percentage of kills by you in the entire game.
 C = Kills by friends in this place as a percentage of kills by friends in the entire game.
 D = Other kills in this place as a percentage of other kills in the entire game.
 E = Experience gained in this place as a percentage of experience gained in the entire game.
 F = Experience gained in this place divided by the number of levels of this place that you have seen.
                   A       B       C       D       E      F
               +-------+-------+-------+-------+-------+----------------------
         Total | 100.0 | 100.0 |  -nan |  -nan | 100.0 |  65.3
       Dungeon | 100.0 | 100.0 |  -nan |  -nan | 100.0 |  65.3
               +-------+-------+-------+-------+-------+----------------------

Vanquished Creatures
  Jessica (D:2)
  5 adders
  A gnoll (D:3)
  4 worms (D:2)
  A giant gecko (D:2)
  5 bats
  5 hobgoblins
  5 jackals (D:2)
  A giant newt (D:2)
  6 goblins
  5 kobolds
  7 rats
46 creatures vanquished.

Notes
Turn   | Place    | Note
--------------------------------------------------------------
     0 | D:1      | gw, the Minotaur Gladiator, began the quest for the Orb.
     0 | D:1      | Reached XP level 1. HP: 18/18 MP: 1/1
   515 | D:1      | Reached XP level 2. HP: 25/25 MP: 1/1
   733 | D:2      | Found a glowing silver altar of Zin.
   734 | D:2      | Found a glowing golden altar of the Shining One.
   735 | D:2      | Found a shattered altar of Ashenzari.
   748 | D:2      | Became a worshipper of the Shining One
   802 | D:2      | Reached skill level 1 in Armour
   823 | D:2      | Reached skill level 4 in Staves
   933 | D:2      | Noticed Jessica
   942 | D:2      | Killed Jessica
   942 | D:2      | Reached XP level 3. HP: 28/30 MP: 2/2
  1197 | D:2      | Reached XP level 4. HP: 28/38 MP: 2/2
  1580 | D:2      | Reached skill level 1 in Invocations
  1808 | D:3      | Reached skill level 5 in Staves
  2020 | D:3      | Noticed a centaur
  2031 | D:3      | Reached XP level 5. HP: 16/45 MP: 2/2
  2032 | D:3      | Found a blossoming altar of Fedhas.
  2033 | D:3      | HP: 1/45 [gnoll (4)]
  2033 | D:3      | Shot with an arrow by a centaur

Action                   |  1- 3 |  4- 6 || total
-------------------------+-------+-------++-------
Melee: Quarterstaff      |    66 |    36 ||   102
Throw: Stone             |    23 |    35 ||    58
       Tomahawk          |       |     7 ||     7
Evoke: Wand              |       |     1 ||     1
  Use: Potion            |     3 |     5 ||     8
       Scroll            |     2 |     5 ||     7
  Eat: Chunk             |     1 |     3 ||     4

Vault maps used:
D:1:      matt_arrival_diagonals
D:2:      gammafunk_temple_overflow_forgotten, uniq_jessica
D:3:      serial_bayou_pond_d, fedhas_bush_and_centaur_altar, uniq_grinder
